 Dungeon Crawl Stone Soup version 0.30-a0-553-g7fabdf1491 (webtiles) character file.

Game seed: 2886418753888887853

138 oldriver the Sneak (level 5, -5/49 HPs)
             Began as a Naga Artificer on Dec 27, 2022.
             Slain by a river rat (7 damage)
             ... in a sewer.
             The game lasted 00:04:11 (2619 turns).

oldriver the Sneak (Naga Artificer)                 Turns: 2619, Time: 00:04:12

Health: -5/49      AC:  3    Str: 15    XL:     5   Next: 21%
Magic:  5/5        EV:  9    Int: 11    God:
Gold:   143        SH:  0    Dex: 13    Spells: 4/4 levels left

rFire   . . .      SeeInvis +    x - +0 dagger
rCold   + . .      Faith    .    (no shield)
rNeg    . . .      Spirit   .    b - +0 leather armour
rPois   +          Reflect  .    (no helmet)
rElec   .          Harm     .    (no cloak)
rCorr   .          Rampage  .    (no gloves)
Will    .....                    (no barding)
Stlth   +++                      (no amulet)
HPRegen 0.28/turn                k - ring of protection from cold
MPRegen 0.09/turn                (no ring)

@: very slow
A: AC +1, large, see invisible, deformed body, poison resistance, slowness 2,
spit poison 1, naga tail 1
a: Spit Poison


You were in a sewer.
You visited 1 branch of the dungeon, and saw 3 of its levels.
You also visited: Sewer.

You collected 143 gold pieces.

Inventory:

Hand Weapons
 x - a +0 dagger (weapon)
Missiles
 t - 3 poisoned darts
Armour
 b - a +0 leather armour (worn)
Jewellery
 k - a ring of protection from cold (left hand)
Wands
 c - a wand of flame (14)
 d - a wand of charming (15)
 e - a wand of iceblast (5)
Scrolls
 f - a scroll of immolation {unknown}
 g - a scroll of fog {unknown}
 h - 2 scrolls of enchant weapon {unknown}
 i - 6 scrolls of identify {unknown}
 j - a scroll of brand weapon {unknown}
 o - a scroll of magic mapping {unknown}
 p - a scroll of poison {unknown}
 r - a scroll of torment {unknown}
 s - a scroll of teleportation {unknown}
 u - a scroll of blinking {unknown}
Potions
 l - 2 potions of might {unknown}
 m - a potion of attraction {unknown}
 n - 2 potions of curing {unknown}
 q - 2 potions of brilliance {unknown}
 v - a potion of heal wounds {unknown}
 w - a potion of haste {unknown}


   Skills:
 + Level 3.4 Fighting
 - Level 1.5 Armour
 - Level 0.7 Dodging
 + Level 5.5 Stealth
 - Level 3.0 Evocations


You had 4 spell levels left.
You didn't know any spells.
Your spell library contained the following spells:

 Spells                   Type           Power      Damage    Failure   Level
 Shock                    Conj/Air       0%         1d3       41%         1


Dungeon Overview and Level Annotations

Branches:
Dungeon (3/15)              Sewer (1/1)

Altars:


Innate Abilities, Weirdness & Mutations

Your serpentine skin is tough. (AC +1)
You have supernaturally acute eyesight. (SInv)
Armour fits poorly on your strangely shaped body.
Your system is resistant to poisons. (rPois)
You cover ground very slowly.
You can spit poison.
You have a snake-like lower body.


Message History

You have got your breath back.
The ball python bites you but does no damage.
The river rat bites you but does no damage.
The rat barely misses you.
The ball python bites you but does no damage.
Aiming: Spit Poison (1% risk of failure)
Press: ? - help, Shift-Dir - straight line, f/p - river rat
Aim: a river rat (almost dead, 54% to hit)
The splash of poison misses the river rat.
The river rat bites you but does no damage.
The rat barely misses you.
The ball python bites you but does no damage.
You completely miss the river rat.
The river rat is almost dead.
The river rat bites you but does no damage.
The rat bites you but does no damage. The ball python closely misses you.
You closely miss the river rat.
The river rat is almost dead.
The river rat bites you! The rat bites you but does no damage.
The ball python bites you but does no damage.
You hit the river rat but do no damage.
The river rat is almost dead.
The river rat bites you!
* * * LOW HITPOINT WARNING * * *
The ball python barely misses you. The rat bites you but does no damage.
You closely miss the river rat.
The river rat is almost dead.
You have got your breath back.
The ball python bites you.
* * * LOW HITPOINT WARNING * * *
The river rat bites you.
* * * LOW HITPOINT WARNING * * *
The rat bites you.
* * * LOW HITPOINT WARNING * * *
The ball python bites you.
* * * LOW HITPOINT WARNING * * *
You closely miss the river rat.
The river rat is almost dead.
The river rat bites you!
You die...

.....~≈≈≈≈≈≈ #..
#.....≈≈≈≈≈≈##..
#....~≈≈≈≈≈##...
##...~~≈≈≈≈#...†##
##...~≈≈≈≈≈~.....##
###..~~≈≈≈~.......#
###..~~≈≈≈≈....#†.#
.#...~≈≈≈≈~..# #Sr#
.....~~≈≈≈≈..###@r#
......~~≈≈~...#...#
#......≈~≈~†.....##
#.....~~≈~~......#
.....†..††~.....##
.......~~~......#
#......~≈~÷.....#
##......≈≈......#
##.....~≈≈.......#


You could see a river rat, a ball python and a rat.

Vanquished Creatures
  4 adders
  3 river rats
  A worm (D:2)
  12 ball pythons
  4 bats
  5 endoplasms
  3 giant cockroaches
  6 goblins
  4 hobgoblins
  A quokka (D:1)
  6 frilled lizards
  11 kobolds
  16 rats
76 creatures vanquished.

Vanquished Creatures (others)
  2 fungi (D:3)
2 creatures vanquished.

Grand Total: 78 creatures vanquished

Notes
Turn   | Place    | Note
-------+----------+-------------------------------------------
     0 | D:1      | oldriver the Naga Artificer began the quest for the Orb.
     0 | D:1      | Reached XP level 1. HP: 18/18 MP: 1/1
    22 | D:1      | Reached skill level 2 in Stealth
   155 | D:1      | Reached XP level 2. HP: 25/25 MP: 2/2
   306 | D:1      | Reached skill level 3 in Stealth
   583 | D:1      | Reached XP level 3. HP: 32/32 MP: 3/3
   892 | D:2      | Reached skill level 4 in Stealth
  1044 | D:2      | Reached XP level 4. HP: 37/40 MP: 4/4
  1629 | D:3      | Found a faded altar of an unknown god.
  1646 | D:3      | Got Plato's Opusculum on the Welkin
  1682 | D:3      | Reached skill level 5 in Stealth
  1690 | D:3      | Found a glowing drain.
  1738 | Sewer    | Entered a sewer
  2012 | Sewer    | Reached XP level 5. HP: 23/49 MP: 5/5
  2618 | Sewer    | HP: 2/49 [ball python (1)]
  2619 | Sewer    | Slain by a river rat

Illustrated notes

Levels and vault maps discovered:
D:1:      spicycebolla_green_bress_n_ham_2, layout_basic
D:2:      layout_loops_ring
D:3:      layout_loops_cross, portal_sewer_entry_b,
          shapermc_ecumenical_altar_rom_forum, corexii_corridor_pit,
          minmay_pentangle
Sewer:    sewer_minmay_treatment

Skill      XL: |  1  2  3  4 |
---------------+-------------+-----
Stealth        | 2 3 4 5 |  5.5
Fighting       | 2 3 |  3.4
Armour         | |  1.5
Dodging        | |  0.7
Evocations     | |  3.0

Action                   |  1- 3 |  4- 6 || total
-------------------------+-------+-------++-------
Melee: Club              |    53 |    74 ||   127
       Punch             |     1 |     2 ||     3
       Dagger            |       |    46 ||    46
 Abil: Spit Poison       |    43 |    38 ||    81
Evoke: Wand              |     1 |       ||     1
Armor: Leather armour    |    22 |    73 ||    95
Dodge: Dodged            |    33 |    93 ||   126

Table legend: (Time is in decaauts)
 A = Elapsed time spent in this place.
 B = Non-inter-level travel time spent in this place.
 C = Inter-level travel time spent in this place.
 D = Time resting spent in this place.
 E = Time spent auto-exploring this place.
 F = Levels seen in this place.
 G = Mean time per level.
                   A        B        C        D        E       F      G
               +--------+--------+--------+--------+--------+-----+--------+
         Total |   3251 |   3209 |     42 |    656 |   1584 |   4 |  812.8 |
       Dungeon |   2272 |   2230 |     42 |    153 |   1358 |   3 |  757.3 |
         Sewer |    978 |    978 |      0 |    503 |    225 |   1 |  978.0 |
               +--------+--------+--------+--------+--------+-----+--------+

Top non-repeatable levels by time:
   Sewer: 978 daAuts
     D:2: 911 daAuts
     D:1: 852 daAuts
     D:3: 508 daAuts
